 Dungeon Crawl Stone Soup version 0.25.0-1-g7eea58d2a3 (webtiles) character file.

Game seed: 8826406378410844347

407970 grindst0ne the Wrestler (level 23, -11/211 HPs)
             Began as a Ghoul Monk on June 13, 2020.
             Was the Champion of Trog.
             Killed from afar by a titan (33 damage)
             ... with a bolt of lightning
             ... on level 4 of the Depths on June 14, 2020.
             The game lasted 02:53:17 (53341 turns).

grindst0ne the Wrestler (Ghoul Monk)               Turns: 53341, Time: 02:53:18

Health: -11/211    AC: 46    Str: 27    XL:     23   Next: 44%
Magic:  28/28      EV: 12    Int:  2    God:    Trog [******]
Gold:   2476       SH: 22    Dex: 11    Spells: 22/22 levels left

rFire    + + .     SeeInvis .     - Unarmed
rCold    + . .     Gourm    .   c - +1 tower shield of the Kraken {rF+}
rNeg     + + +     Faith    .   w - +9 crystal plate armour of Dawn {Str+2}
rPois    ∞         Spirit   .   M - +0 helmet of Vimeib {+Blink +Inv rN+}
rElec    .         Reflect  .   H - +2 cloak
rCorr    .         Harm     .   r - +3 pair of gauntlets of War {Slay+5}
MR       +++++                  k - +1 pair of boots {Fly}
Stlth    ..........             f - necklace of Bloodlust {*Rage +Rage MR++ Int-3 Slay+6 *Curse} (curse)
HPRegen  1.00/turn              m - ring of protection from fire
MPRegen  0.21/turn              A - +4 ring of evasion

@: flying, regenerating, rotting, studying Dodging
A: rotting body, claws 1, carnivore, cold resistance 1, negative energy
resistance 3, inhibited regeneration, torment resistance, unbreathing
}: 2/15 runes: barnacled, gossamer
a: Trog's Hand, Brothers in Arms, Renounce Religion, Evoke Blink, Evoke
Invisibility, Stop Flying


You were on level 4 of the Depths.
You worshipped Trog.
Trog was exalted by your worship.
You were not hungry.

You visited 7 branches of the dungeon, and saw 39 of its levels.
You visited the Abyss 1 time.
You visited 1 bazaar.
You also visited: Trove and Ice Cave.

You collected 4800 gold pieces.
You spent 2324 gold pieces at shops.

Inventory:

Missiles
 V - 12 throwing nets (quivered)
Armour
 c - the +1 tower shield of the Kraken (worn) {rF+}
   (You found it in a treasure trove)

   It protects you from fire.
 k - a +1 pair of boots of flying (worn)
 r - the +3 pair of gauntlets of War (worn) {Slay+5}
   (You found it in a treasure trove)

   It affects your accuracy and damage with ranged weapons and melee attacks
   (+5).
 w - the +9 crystal plate armour of Dawn (worn) {Str+2}
   (You found it in a treasure trove)

   It affects your strength (+2).
 H - a +2 cloak (worn)
 M - the +0 helmet of Vimeib (worn) {+Blink +Inv rN+}
   (You found it in a treasure trove)

   It protects you from negative energy.
   It lets you turn invisible.
   It lets you blink.
Jewellery
 f - the cursed necklace of Bloodlust (around neck) {*Rage +Rage MR++ Int-3 Slay+6 *Curse}
   (You found it on level 2 of the Depths)

   [amulet of nothing]

   It affects your intelligence (-3).
   It affects your accuracy and damage with ranged weapons and melee attacks
   (+6).
   It affects your resistance to hostile enchantments.
   It lets you go berserk.
   It may make you go berserk in combat.
   It curses itself when equipped.
   It has a curse placed upon it.
 m - a ring of protection from fire (left hand)
 q - the amulet "Cupaof" {Spirit *Drain rElec rN++ Slay+2}
   (You bought it in a shop on level 2 of the Orcish Mines)

   [amulet of guardian spirit]

   It causes incoming damage to be split between your health and magic.
   It affects your accuracy and damage with ranged weapons and melee attacks
   (+2).
   It insulates you from electricity.
   It greatly protects you from negative energy.
   It causes draining when unequipped.
 v - an uncursed ring of protection from magic
 A - a +4 ring of evasion (right hand)
 T - an uncursed ring of resist corrosion
Wands
 h - a wand of paralysis (25)
 o - a wand of iceblast (14)
 D - a wand of digging (17)
 Z - a wand of acid (12)
Scrolls
 i - 11 scrolls of teleportation
 j - 6 scrolls of blinking
 s - 3 scrolls of fear
 t - 6 scrolls of enchant armour
 u - 6 scrolls of identify
 x - 22 scrolls of remove curse
 G - 6 scrolls of magic mapping
 I - 2 scrolls of summoning
 J - a scroll of silence
 L - 6 scrolls of fog
 R - 3 scrolls of torment
Potions
 a - a potion of resistance
 e - a potion of stabbing
 y - 3 potions of curing
 z - 3 potions of invisibility
 E - 4 potions of haste
 O - 3 potions of might
 Q - 2 potions of cancellation
 S - 4 potions of magic
 W - 3 potions of ambrosia
 X - a potion of heal wounds
Books
 l - a manual of Dodging
Miscellaneous
 d - a tin of tremorstones (3/3)
 C - 2 phantom mirrors
 F - a box of beasts
 Y - a lightning rod (4/4)
Comestibles
 b - 58 rations


   Skills:
 + Level 18.9 Fighting
 * Level 17.1 Armour
 + Level 9.2 Dodging
 - Level 2.1 Stealth
 + Level 16.2 Shields
 * Level 25.1 Unarmed Combat
 + Level 9.0 Evocations


You had 22 spell levels left.
You didn't know any spells.
Your spell library contained the following spells:

 Spells                   Type           Power        Failure   Level  Hunger
 Sandblast                Erth           #.....       100%        1    ##.....
 Passwall                 Tmut/Erth      #.......     100%        2    ###....
 Portal Projectile        Hex/Tloc       #.....       100%        3    ####...
 Recall                   Summ/Tloc      N/A          100%        3    ####...
 Bolt of Magma            Conj/Fire/Erth #.........   100%        5    ######.
 Borgnjor's Vile Clutch   Necr/Erth      #.........   100%        5    ######.
 Controlled Blink         Tloc           N/A          100%        8    #######
 Statue Form              Tmut/Erth      Unusable     N/A         6    N/A

Dungeon Overview and Level Annotations

Branches:
Dungeon (15/15)            Temple (0/1) D:7            Lair (6/6) D:10
 Shoals (4/4) Lair:2       Spider (4/4) Lair:3        Slime (0/5) Lair:5
    Orc (2/2) D:11            Elf (0/3) Orc:2        Vaults (4/5) D:13
  Crypt (0/3) Vaults:2     Depths (4/5) D:15          IceCv (visited)

Altars:
Ashenzari
Cheibriados
Dithmenos
Elyvilon
Fedhas
Gozag
Makhleb
Nemelex Xobeh
Sif Muna
Trog
Vehumet
Xom
Beogh
Jiyva
Lugonu

Shops:
D:12 *   Orc:2 (}**   Shoals:4 (   Vaults:2 }   Depths:3 ::

Portals:
Hell: Depths:1 Depths:2 Depths:3 Depths:4
Pandemonium: Depths:2 Depths:3

Annotations:
D:7 exclusion: downstairs
D:9 2 transporters, exclusion: downstairs
D:12 3 runed translucent doors, exclusion: obsidian statue, Plog's ghost, journeyman DgVM
Spider:2 exclusion: downstairs


Innate Abilities, Weirdness & Mutations

Your body is rotting away.
You thrive on raw meat.
You are immune to poison.
You have sharp fingernails.
You are carnivorous and can eat meat at any time.
Your flesh is cold resistant. (rC+)
You are immune to negative energy. (rN+++)
You do not regenerate when monsters are visible.
You are immune to unholy pain and torment.
You can survive without breathing.


Message History

The titan mumbles some strange words.
The titan is healed somewhat.
Your crystal plate armour of Dawn prevents you from hitting the titan.
The titan is heavily wounded.
You pummel the titan!!
The titan is severely wounded.
The titan mumbles some strange words.
The titan is healed somewhat.
You pummel the titan!!
The titan is severely wounded.
The titan waves its arms in wide circles.
The air twists around and violently strikes you in flight!!!
* * * LOW HITPOINT WARNING * * *
You feel much better. The titan closely misses you.
You feel much better. The titan casts a spell at you.
The bolt of lightning hits you!!!
* * * LOW HITPOINT WARNING * * *
The bolt of lightning hits you!!
You die...

#### ...........≈≈#≈≈≈#
$.(## ..........≈≈≈≈≈≈≈≈
.....##########.≈≈≈≈≈>≈≈
.....#########..≈≈≈≈≈≈≈
####....#.........≈≈#≈≈≈#
........#..........≈≈≈≈≈≈
........#...####....≈≈≈≈≈
.⌠.....)#..# ####..≈≈..
....⌠..C@..##########...#
.......[)................
....⌠..##................
.⌠....# #...#############
.....# ###..# ....# ....
#### .... #..# ..#


You could see a titan.

Vanquished Creatures
  An ancient lich (Depths:1)
  A juggernaut (Depths:2)
  Sojobo (Vaults:4)
  Saint Roka (Depths:3)
  3 liches
  3 sphinxes
  A kraken (Shoals:4)
  Agnes (D:14)
  Donald (Spider:2)
  Roxanne (Spider:3)
  3 shadow dragons (Depths:1)
  5 tengu reavers
  8 fire giants
  A deep elf sorcerer (Vaults:4)
  Ilsuiw (Shoals:2)
  A draconian knight (Vaults:4)
  9 vault wardens
  3 ghost moths (Spider:4)
  2 frost giants
  6 emperor scorpions
  6 ironheart preservers
  2 spriggan defenders (Vaults:4)
  5 entropy weavers
  18 stone giants
  22 very ugly things
  7 vampire knights
  A lorocyproca (Abyss:2)
  A white draconian (IceCv)
  Azrael (Orc:2)
  7 spark wasps
  An eidolon (Abyss:2)
  10 fire dragons
  2 merfolk javelineers
  2 deep elf death magi (Depths:1)
  Snorg (Lair:3)
  9 ettins
  5 merfolk impalers (Shoals:4)
  11 vault guards
  10 ogre magi
  4 yaktaur captains
  7 great orbs of eyes
  7 rakshasas
  6 hydras
  The ghost of Matius the Basher, a journeyman HuFi of the Shining One (Orc:2)
  A hydra (shapeshifter) (Depths:1)
  An alligator snapping turtle (Shoals:3)
  4 ice dragons
  4 spriggan air magi
  2 catoblepae
  3 death knights
  4 merfolk aquamancers (Shoals:4)
  12 centaur warriors
  3 merfolk avatars
  27 two-headed ogres
  A queen ant (Spider:1)
  4 deep troll earth magi
  3 tengu warriors
  A vampire mage (Depths:2)
  A death yak (Shoals:2)
  Urug (Lair:1)
  5 deep troll shamans
  An orc high priest (Orc:1)
  4 spriggan berserkers
  2 soul eaters
  2 wretched stars (Abyss:2)
  2 sun demons
  7 hell knights
  7 shadow wraiths
  A storm dragon zombie (Vaults:4)
  3 deep elf knights
  3 skeletal warriors (Depths:1)
  2 iron trolls (Depths:2)
  A fire crab (Lair:6)
  A sixfirhy (Depths:3)
  9 sea snakes
  A death drake (shapeshifter) (Vaults:4)
  8 flayed ghosts
  A glowing orange brain (Vaults:2)
  7 wizards
  A swamp dragon (shapeshifter) (Vaults:1)
  10 phantasmal warriors
  4 deep elf archers
  4 unseen horrors
  12 deep trolls
  15 ironbrand convokers
  Pikel (D:7)
  7 necromancers
  6 harpies
  11 orc knights
  8 wolf spider zombies (Spider:3)
  15 orb spiders
  37 wolf spiders
  5 fauns
  8 orc sorcerers
  53 ugly things
  2 moths of wrath
  6 deep elf magi
  4 cyclopes
  17 manticores
  An oklob plant (Lair:1)
  A stone giant zombie (Vaults:1)
  An ice statue (IceCv)
  8 elephants
  8 merfolk sirens
  4 torpor snails (Lair:4)
  A black mamba (shapeshifter) (Vaults:1)
  6 black mambas
  A rust devil (Depths:3)
  2 naga magi (Depths:1)
  11 vault sentinels
  3 water nymphs
  2 orange demons (Depths:2)
  3 molten gargoyles (Lair:6)
  2 gargoyles
  2 hellions
  13 komodo dragons
  9 spiny frogs
  13 demonic crawlers
  4 rime drakes
  5 redback zombies (Spider:3)
  39 yaktaurs
  An efreet (Abyss:2)
  A yaktaur (shapeshifter) (Vaults:1)
  7 freezing wraiths
  3 yaktaur skeletons
  A spectral glowing shapeshifter (Depths:1)
  32 jumping spiders
  8 trolls
  3 tengu conjurers
  A wind drake (shapeshifter) (Depths:2)
  A queen bee (shapeshifter) (Vaults:3)
  A silent spectre (Depths:2)
  15 polar bears
  Grinder (D:6)
  12 hornets
  10 dream sheep
  5 wind drakes (Shoals:4)
  11 tarantella zombies (Spider:3)
  12 blink frogs
  18 merfolk
  A hippogriff (shapeshifter) (D:14)
  A fire dragon zombie (Abyss:2)
  3 raiju
  13 hippogriffs
  16 slime creatures
  7 snapping turtles
  A stone giant simulacrum (Depths:1)
  An ettin zombie (Vaults:4)
  Sigmund (D:4)
  A redback (shapeshifter) (Vaults:3)
  3 shadows
  22 tarantellas
  55 redbacks
  3 ynoxinuls (Abyss:2)
  A spriggan (Depths:3)
  17 water elementals
  13 wraiths
  A vampire (D:13)
  34 yaks
  7 wyverns
  18 humans
  A fire bat (shapeshifter) (Depths:1)
  4 fire elementals (Orc:1)
  7 basilisks
  A chaos spawn (Abyss:2)
  A neqoxec (Abyss:2)
  4 hungry ghosts
  7 steam dragons
  2 large abominations (Abyss:2)
  8 acid dragons
  4 vampire mosquitoes (D:13)
  7 wargs
  A swamp worm (D:9)
  A soldier ant (shapeshifter) (Depths:3)
  A naga (shapeshifter) (Vaults:3)
  11 water moccasins
  25 soldier ants
  14 porcupines
  5 hell hounds
  An ice beast (shapeshifter) (Depths:1)
  A black bear (shapeshifter) (Depths:3)
  32 orc warriors
  3 ice beasts
  4 sky beasts
  2 black bears (D:11)
  A necrophage (D:11)
  4 phantoms
  An eye of draining (shapeshifter) (Vaults:1)
  22 ogres
  17 wolves
  12 centaurs
  3 human skeletons
  7 crocodiles
  A big kobold (shapeshifter) (Depths:2)
  4 big kobolds
  2 human zombies
  14 bullfrogs
  A yaktaur zombie (Depths:1)
  A wyvern zombie (D:12)
  4 small abominations
  3 scorpions
  4 killer bees (D:8)
  A human simulacrum (Vaults:1)
  A vampire bat (D:5)
  12 wights
  2 electric eels
  5 lava snakes (Lair:6)
  10 crimson imps
  A quasit (D:13)
  2 centaur zombies
  2 jellies
  A bullfrog skeleton (D:12)
  16 orc priests
  5 centaur skeletons
  9 hounds
  41 orc wizards
  5 iguanas
  27 worker ants
  A killer bee zombie (D:7)
  A hound zombie (D:8)
  2 hound skeletons
  A gnoll (D:5)
  9 adders
  A shadow imp (D:5)
  An ufetubus (Abyss:2)
  An ooze (D:5)
  2 adder skeletons
  5 worms
  4 leopard geckos
  98 orcs
  4 giant cockroaches
  6 goblins
  5 hobgoblins
  12 jackals
  5 quokkas
  22 bats
  7 frilled lizards
  20 kobolds
  A leopard gecko zombie (D:7)
  7 rats
  2 crawling corpses (Depths:1)
  2 plants
  2 tentacles (Shoals:4)
1674 creatures vanquished.

Vanquished Creatures (collateral kills)
  Polyphemus (Shoals:2)
  Frances (Shoals:1)
  3 very ugly things (Depths:2)
  A merfolk javelineer (Shoals:4)
  2 merfolk impalers
  A hydra (Lair:4)
  A merfolk avatar (Shoals:4)
  2 merfolk aquamancers
  A centaur warrior (Vaults:2)
  A death yak (Shoals:2)
  A sea snake (Shoals:3)
  3 ugly things
  4 orb spiders (Spider:2)
  3 fauns
  A cyclops (Shoals:4)
  6 manticores
  5 merfolk sirens
  4 elephants (Lair:6)
  A water nymph (Shoals:1)
  12 merfolk
  A polar bear (IceCv)
  A slime creature (Vaults:2)
  2 raiju (Abyss:2)
  2 snapping turtles
  2 hippogriffs
  4 water elementals
  5 yaks (Lair:6)
  A wolf (IceCv)
72 creatures vanquished.

Vanquished Creatures (others)
  2 ghost moths
  A vault warden (Vaults:2)
  A vampire mage (Depths:4)
  A deep elf knight (Vaults:3)
  A polar bear (IceCv)
  A jumping spider (Spider:1)
  A tarantella (Spider:3)
  3 yaks (IceCv)
  An orc warrior (Vaults:4)
  3 slaves (D:7)
  4 wolves (IceCv)
  2 wights (D:7)
  An orc wizard (Orc:2)
  An adder (D:7)
  3 orcs
  A bush (Lair:6)
  13 fungi
  A lurking horror (Abyss:2)
  10 plants
  12 tentacles (Shoals:4)
63 creatures vanquished.

Grand Total: 1809 creatures vanquished

Notes
Turn   | Place    | Note
-------+----------+-------------------------------------------
     0 | D:1      | grindst0ne the Ghoul Monk began the quest for the Orb.
     0 | D:1      | Reached XP level 1. HP: 19/19 MP: 0/0
   231 | D:1      | Reached XP level 2. HP: 8/26 MP: 1/1
   602 | D:1      | Reached skill level 1 in Armour
  1173 | D:2      | Reached XP level 3. HP: 32/33 MP: 2/2
  1205 | D:2      | Found a bloodstained altar of Trog.
  1327 | D:2      | Became a worshipper of Trog the Wrathful
  1327 | D:2      | Reached * piety under Trog
  1327 | D:2      | Reached ** piety under Trog
  1418 | D:2      | Found a shattered altar of Ashenzari.
  1738 | D:2      | Found a snail-covered altar of Cheibriados.
  1829 | D:2      | Reached skill level 4 in Unarmed Combat
  2614 | D:3      | Reached XP level 4. HP: 38/40 MP: 3/3
  3304 | D:3      | Reached *** piety under Trog
  3329 | D:3      | Reached XP level 5. HP: 41/47 MP: 4/4
  3829 | D:3      | Found a burning altar of Makhleb.
  3922 | D:4      | Noticed an ogre
  3926 | D:4      | Killed an ogre
  3926 | D:4      | Reached XP level 6. HP: 26/55 MP: 5/5
  3929 | D:4      | Reached skill level 5 in Unarmed Combat
  3932 | D:4      | Reached skill level 5 in Fighting
  4545 | D:4      | Noticed Sigmund
  4547 | D:4      | Killed Sigmund
  4547 | D:4      | Reached XP level 7. HP: 62/62 MP: 6/6
  4869 | D:5      | Entered Level 5 of the Dungeon
  5116 | D:5      | Reached skill level 6 in Unarmed Combat
  5119 | D:5      | Found a shadowy altar of Dithmenos.
  5768 | D:6      | Noticed Grinder
  5773 | D:6      | Paralysed by Grinder for 3 turns
  5782 | D:6      | Paralysed by Grinder for 3 turns
  5790 | D:6      | Killed Grinder
  5790 | D:6      | Reached XP level 8. HP: 71/71 MP: 7/7
  5856 | D:6      | Got a shimmering buckler
  5857 | D:6      | Identified the +1 buckler of Usaxa {Int+5 Dex-3} (You found
                  | it on level 6 of the Dungeon)
  5919 | D:6      | HP: 3/71 [ogre/+0 giant spiked club (15)]
  5933 | D:6      | HP: 1/71 [worker ant (3)]
  5937 | D:6      | Reached **** piety under Trog
  6207 | D:6      | Found a blossoming altar of Fedhas.
  6233 | D:6      | Found a shimmering altar of Xom.
  6234 | D:6      | Found a shimmering altar of Xom.
  6234 | D:6      | Found a shimmering altar of Xom.
  6234 | D:6      | Found a shimmering altar of Xom.
  6328 | D:6      | Reached skill level 1 in Shields
  6328 | D:6      | Reached skill level 7 in Unarmed Combat
  6610 | D:7      | Reached skill level 5 in Armour
  6759 | D:7      | Noticed Pikel
  6781 | D:7      | Killed Pikel
  6781 | D:7      | Reached XP level 9. HP: 38/66 MP: 8/8
  6816 | D:7      | Found a staircase to the Ecumenical Temple.
  7695 | D:7      | Reached skill level 8 in Unarmed Combat
  7984 | D:8      | Found a white marble altar of Elyvilon.
  8822 | D:8      | Reached skill level 9 in Unarmed Combat
  8822 | D:8      | Reached XP level 10. HP: 90/90 MP: 9/9
  9423 | D:9      | Reached ***** piety under Trog
  9808 | D:9      | Found a shimmering blue altar of Sif Muna.
 10203 | D:9      | Found a transporter.
 10205 | D:9      | Noticed a green ugly thing
 10207 | D:9      | Found a corrupted altar of Lugonu.
 10207 | D:9      | Noticed a green ugly thing
 10260 | D:9      | Found a transporter.
 10484 | D:9      | Identified Sif Muna's Reference Book on Ignition
 10652 | D:10     | Entered Level 10 of the Dungeon
 10689 | D:10     | Found a shimmering altar of Xom.
 10931 | D:10     | Received a gift from Trog
 11328 | D:10     | Reached skill level 10 in Unarmed Combat
 11495 | D:9      | Reached skill level 10 in Fighting
 11809 | D:10     | Reached XP level 11. HP: 82/99 MP: 10/10
 11815 | D:10     | Found a staircase to the Lair.
 12337 | D:11     | Noticed a brown ugly thing
 12754 | D:10     | Killed a green ugly thing
 12754 | D:10     | Reached skill level 5 in Shields
 13173 | D:11     | Found a staircase to the Orcish Mines.
 13381 | D:11     | Noticed a two-headed ogre
 13448 | Lair:1   | Entered Level 1 of the Lair of Beasts
 13452 | Lair:1   | Identified a scroll of acquirement
 13453 | Lair:1   | Found the +18 shield of the Gong {rElec rN+ MR+ EV-5}
 13453 | Lair:1   | Got the +18 shield of the Gong {rElec rN+ MR+ EV-5}
 13504 | Lair:1   | Noticed Urug
 14035 | Lair:1   | Found a frozen archway.
 14041 | IceCv    | Entered an ice cave
 14628 | IceCv    | Reached skill level 11 in Unarmed Combat
 14667 | IceCv    | Reached skill level 5 in Dodging
 14933 | IceCv    | Reached XP level 12. HP: 102/107 MP: 11/11
 15040 | IceCv    | Reached skill level 12 in Unarmed Combat
 15615 | IceCv    | Noticed a white draconian
 15644 | IceCv    | Killed a white draconian
 15884 | Lair:1   | You fall into a shaft and drop 1 floor!
 15912 | Lair:2   | Reached skill level 13 in Unarmed Combat
 16506 | Lair:2   | Found a staircase to the Shoals.
 16940 | Lair:1   | Killed Urug
 16940 | Lair:1   | Reached skill level 14 in Unarmed Combat
 17560 | Lair:3   | Reached XP level 13. HP: 55/117 MP: 12/12
 17568 | Lair:3   | Noticed Snorg
 17613 | Lair:3   | Killed Snorg
 17987 | Lair:3   | Found a hole to the Spider Nest.
 18101 | Lair:3   | Reached skill level 15 in Unarmed Combat
 19012 | Lair:4   | Reached skill level 10 in Armour
 19026 | Lair:4   | Found a snail-covered altar of Cheibriados.
 20006 | Lair:5   | Reached skill level 10 in Shields
 20012 | Lair:5   | Reached skill level 16 in Unarmed Combat
 20797 | Lair:5   | Found a viscous altar of Jiyva.
 20797 | Lair:5   | Found a staircase to the Slime Pits.
 21246 | Lair:6   | Entered Level 6 of the Lair of Beasts
 21300 | Lair:6   | Reached XP level 14. HP: 123/123 MP: 13/13
 21428 | Lair:6   | Reached skill level 1 in Evocations
 21581 | Lair:6   | Reached skill level 17 in Unarmed Combat
 22763 | Lair:6   | Found a large runed translucent door.
 22763 | Lair:6   | Found a large runed translucent door.
 23437 | D:11     | Got an ancient plate armour
 23448 | D:11     | Identified the +1 plate armour of Metucamo {rElec rPois
                  | Int+3 Stlth-} (You found it on level 11 of the Dungeon)
 23540 | D:11     | Got a crude plate armour
 23551 | D:11     | Identified the +10 plate armour of Hangman {Harm *Corrode
                  | rN+++ Regen+} (You found it on level 11 of the Dungeon)
 24010 | D:12     | Noticed a sphinx
 24019 | D:12     | Killed a sphinx
 24603 | D:12     | Found a runed translucent gate.
 24603 | D:12     | Found a runed translucent gate.
 24604 | D:12     | Noticed Plog's ghost (journeyman DgVM)
 24612 | D:12     | Found an opulent altar of Gozag.
 24613 | D:12     | Found a runed translucent gate.
 24617 | D:12     | Found Uzuanop's Assorted Antiques.
 24930 | D:13     | Reached XP level 15. HP: 129/136 MP: 16/16
 25004 | D:13     | Cast into level 2 of the Abyss (a wizard)
 25186 | Abyss:2  | Reached skill level 18 in Unarmed Combat
 25405 | Abyss:2  | Noticed a lich
 25426 | Abyss:2  | Killed a lich
 25695 | D:13     | Escaped the Abyss
 26189 | D:13     | Reached ****** piety under Trog
 26314 | D:13     | Found a gate to the Vaults.
 26456 | D:13     | Found a sparkling altar of Nemelex Xobeh.
 26583 | D:14     | Noticed Agnes
 26598 | D:14     | Killed Agnes
 26620 | D:14     | Received a gift from Trog
 26963 | D:14     | Found an opulent altar of Gozag.
 27000 | D:14     | Reached skill level 5 in Evocations
 27319 | D:15     | Entered Level 15 of the Dungeon
 27636 | D:15     | Reached XP level 16. HP: 144/144 MP: 18/18
 27926 | D:15     | Found a staircase to the Depths.
 28369 | Orc:1    | Entered Level 1 of the Orcish Mines
 28373 | Orc:1    | Received a gift from Trog
 28557 | Orc:2    | Entered Level 2 of the Orcish Mines
 28557 | Orc:2    | Noticed Azrael
 28916 | Orc:2    | Killed Azrael
 29090 | Orc:2    | Reached skill level 19 in Unarmed Combat
 29309 | Orc:2    | Found a runed translucent door.
 29315 | Orc:2    | Noticed Matius's ghost (journeyman HuFi)
 29353 | Orc:2    | Received a gift from Trog
 29451 | Orc:2    | Found a roughly hewn altar of Beogh.
 29476 | Orc:2    | Killed Matius's ghost
 29583 | Orc:2    | Found a staircase to the Elven Halls.
 29841 | Orc:2    | Found Vyoreple's General Store.
 29841 | Orc:2    | Found Meethycs's Assorted Antiques.
 29855 | Orc:2    | Bought a faintly glowing golden amulet for 165 gold pieces
 29855 | Orc:2    | Bought a scroll of teleportation for 99 gold pieces
 29856 | Orc:2    | Identified the amulet "Cupaof" {Spirit *Drain rElec rN++
                  | Slay+2} (You bought it in a shop on level 2 of the Orcish
                  | Mines)
 30008 | Orc:2    | Found Forynap's Gadget Emporium.
 30008 | Orc:2    | Found Dogruthu's Antique Weapon Boutique.
 30047 | Orc:2    | Found a roughly hewn altar of Beogh.
 30373 | Orc:1    | Received a gift from Trog
 30697 | Spider:1 | Entered Level 1 of the Spider Nest
 32303 | Spider:2 | Received a gift from Trog
 32363 | Spider:2 | Reached XP level 17. HP: 124/152 MP: 19/19
 33430 | Spider:3 | Received a gift from Trog
 33447 | Spider:3 | Reached skill level 20 in Unarmed Combat
 33939 | Spider:2 | Reached skill level 15 in Fighting
 34198 | Spider:3 | Noticed Donald
 34214 | Spider:2 | Killed Donald
 34418 | Spider:3 | Identified Roxanne's Almanac of the Rocks
 34418 | Spider:3 | Noticed Roxanne
 34441 | Spider:3 | Killed Roxanne
 34797 | Spider:4 | Entered Level 4 of the Spider Nest
 35184 | Spider:4 | Received a gift from Trog
 35426 | Spider:4 | Reached XP level 18. HP: 87/163 MP: 10/20
 35592 | Spider:4 | Reached skill level 21 in Unarmed Combat
 36127 | Spider:4 | Got a gossamer rune of Zot
 36364 | Shoals:1 | Entered Level 1 of the Shoals
 36561 | Shoals:1 | Noticed Frances
 36571 | Shoals:1 | Killed Frances
 37108 | Shoals:2 | Noticed Polyphemus
 37134 | Shoals:2 | Killed Polyphemus
 37202 | Shoals:2 | Noticed Ilsuiw
 37219 | Shoals:2 | Killed Ilsuiw
 38351 | Shoals:4 | Entered Level 4 of the Shoals
 38351 | Shoals:4 | Found Efegh's Antique Weapon Emporium.
 38633 | Shoals:4 | Reached skill level 22 in Unarmed Combat
 38726 | Shoals:4 | Received a gift from Trog
 38740 | Shoals:4 | Reached XP level 19. HP: 63/173 MP: 9/21
 38883 | Shoals:4 | Identified the Volume of Quantum Stones
 39541 | Shoals:4 | Got a barnacled rune of Zot
 40002 | Vaults:1 | Entered Level 1 of the Vaults
 40256 | Vaults:1 | Found a flickering gateway to a bazaar.
 40265 | Bazaar   | Entered a bazaar
 40272 | Bazaar   | Found Goanaoz's Distillery.
 40283 | Bazaar   | Found Vaakaepu's General Store.
 40291 | Bazaar   | Found Merif's Antique Armour Emporium.
 40302 | Bazaar   | Found Soiro's Jewellery Boutique.
 40313 | Bazaar   | Found Fema's Antique Weapon Shoppe.
 40334 | Bazaar   | Bought a potion of might for 52 gold pieces
 40334 | Bazaar   | Bought a potion of curing for 39 gold pieces
 40334 | Bazaar   | Bought a potion of cancellation for 104 gold pieces
 40334 | Bazaar   | Bought a potion of curing for 39 gold pieces
 40334 | Bazaar   | Bought a potion of curing for 39 gold pieces
 40334 | Bazaar   | Bought a potion of lignification for 39 gold pieces
 40353 | Bazaar   | Bought a scroll of teleportation for 42 gold pieces
 40353 | Bazaar   | Bought a +1 pair of gloves for 161 gold pieces
 40454 | Vaults:1 | Received a gift from Trog
 41768 | Vaults:2 | Paralysed by a sphinx for 3 turns
 41847 | Vaults:2 | Received a gift from Trog
 41937 | Vaults:2 | Reached XP level 20. HP: 99/184 MP: 12/22
 42139 | Vaults:2 | Found a staircase to the Crypt.
 42248 | Vaults:2 | Found Teriaz's Gadget Shop.
 42495 | Vaults:2 | Reached skill level 23 in Unarmed Combat
 43147 | Vaults:3 | Received a gift from Trog
 43546 | Vaults:3 | Found a shimmering altar of Xom.
 44033 | Vaults:3 | Identified the ring "Goyhonun" {rC+ MR+ Int+6} (You found
                  | it on level 3 of the Vaults)
 44366 | Vaults:4 | Reached skill level 15 in Shields
 44430 | Vaults:4 | Noticed Sojobo
 44455 | Vaults:4 | Killed Sojobo
 44690 | Vaults:4 | Reached skill level 15 in Armour
 44819 | Vaults:4 | Found a portal to a secret trove of treasure.
 44842 | Vaults:4 | Reached XP level 21. HP: 172/193 MP: 21/24
 44917 | Vaults:4 | Received a gift from Trog
 44963 | Vaults:4 | You paid a toll of +3 fire dragon scales to enter a
                  | treasure trove
 44964 | Trove    | Entered a treasure trove
 44969 | Trove    | Found the +3 pair of gauntlets of War {Slay+5}
 44976 | Trove    | Got a crude tower shield
 44987 | Trove    | Identified the +1 tower shield of the Kraken {rF+} (You
                  | found it in a treasure trove)
 45013 | Trove    | Got a bronze crystal plate armour
 45023 | Trove    | Identified the +9 crystal plate armour of Dawn {Str+2} (You
                  | found it in a treasure trove)
 45027 | Trove    | Got a polished helmet
 45037 | Trove    | Identified the +0 helmet of Vimeib {+Blink +Inv rN+} (You
                  | found it in a treasure trove)
 45424 | Vaults:4 | Paralysed by an orc sorcerer for 4 turns
 46090 | Depths:1 | Entered Level 1 of the Depths
 46095 | Depths:1 | You are sucked into a shaft and drop 1 floor!
 46169 | Depths:2 | Found a gateway to Hell.
 46638 | Depths:2 | Received a gift from Trog
 46743 | Depths:2 | Reached skill level 24 in Unarmed Combat
 47001 | Depths:1 | Paralysed by a great orb of eyes for 7 turns
 47295 | Depths:1 | Paralysed by a vampire knight for 7 turns
 47324 | Depths:1 | Noticed an ancient lich
 47336 | Depths:1 | Killed an ancient lich
 47357 | Depths:1 | Paralysed by a vampire knight for 6 turns
 47365 | Depths:1 | Reached XP level 22. HP: 86/201 MP: 15/26
 48007 | Depths:1 | Paralysed by something for 7 turns
 48244 | Depths:1 | Paralysed by something for 7 turns
 48260 | Depths:1 | Received a gift from Trog
 48439 | Depths:1 | Found the +5 robe of Misfortune {*Contam Harm *Corrode
                  | *Drain *Slow EV+5}
 48440 | Depths:1 | Found a radiant altar of Vehumet.
 48441 | Depths:1 | Found the +3 robe of Clouds {+Thunder rCloud rElec}
 48915 | Depths:2 | Found a one-way gate leading to the halls of Pandemonium.
 49177 | Depths:2 | Found a transporter.
 49308 | Depths:2 | Noticed a juggernaut
 49414 | Depths:2 | Found a transporter.
 49472 | Depths:2 | Found a runed translucent door.
 49472 | Depths:2 | Found a bloodstained altar of Trog.
 49473 | Depths:2 | Found the cursed necklace of Bloodlust {*Rage +Rage MR++
                  | Int-3 Slay+6 *Curse}
 49500 | Depths:2 | Killed a juggernaut
 50352 | Depths:2 | Got a distressingly furry plate armour
 50615 | Depths:2 | Identified the +3 plate armour "Sotzusott" {+Inv rF+} (You
                  | found it on level 2 of the Depths)
 51182 | Depths:3 | Found Ehorhuna's Book Emporium.
 51182 | Depths:3 | Found Ofir's Book Shoppe.
 51214 | Depths:3 | Bought a manual of Dodging for 1545 gold pieces
 51836 | Depths:3 | Reached XP level 23. HP: 209/211 MP: 28/28
 51840 | Depths:3 | Noticed Saint Roka
 51880 | Depths:3 | Killed Saint Roka
 52138 | Depths:3 | Received a gift from Trog
 52416 | Depths:3 | Reached skill level 25 in Unarmed Combat
 53341 | Depths:4 | Killed from afar by a titan

Illustrated notes

Levels and vault maps discovered:
D:1:      dpeg_arrival_solitude, layout_basic
D:2:      layout_basic, bloody_trog, ashenzari_conservatory_becter,
          old_standard_altar
D:3:      layout_loops_ring, makhleb_blood_cavern_becter
D:4:      layout_basic, first_ration, uniq_sigmund
D:5:      layout_loops_ring, lemuel_coloured_pillars_altar, grunt_ministairs_9,
          roderic_batcave, cheibrodos_gnoll_hut
D:6:      layout_rooms, fedhas_altar_3, serial_glass, glass_columns_a,
          glass_columns_a, glass_columns_b, glass_columns_b, xom_redecorated,
          uniq_grinder
D:7:      layout_loops_cross, minmay_temple_entry_glass, uniq_pikel
D:8:      layout_basic, elyvilon_altar_3
D:9:      gammafunk_corrupted_shrine, layout_basic, led_sif_book, worms_lemuel
D:10:     layout_basic, minmay_lair_entry_grove, basic_altar
D:11:     layout_irregular_city, orc_0_dummy, hangedman_stone_soup
D:12:     minmay_diamond_stairs, layout_cave_pools, ebering_ghost_gozag
D:13:     kennysheep_blocky_room, layout_basic, grunt_vaults_entry_tiered,
          basic_altar, grunt_ministairs_6, glass_columns_b
D:14:     layout_roguey, nrook_mini_vaults, nicolae_gozag_seed_capital,
          uniq_agnes
D:15:     hangedman_depths_entry_civil_slaughter, layout_basic,
          minmay_strange_pillars, serial_curves, eino_curves_03, eino_curves_02,
          eino_curves_01
Lair:1:   layout_regular_city, portal_ice_cave_entry_pillars_2, serial_bayou,
          serial_bayou_ford_a, serial_bayou_pond_c, serial_bayou_crossing,
          serial_bayou_lagoon_b, serial_bayou_pond_d, st_stairs_5,
          minmay_lair_oklob_items, small_statue_intersection,
          beast_lair_carwin_3, uniq_urug
Lair:2:   layout_chaotic_city, elwin_shoals_entry_stream
Lair:3:   layout_cave_pods, nicolae_spider_entry_tight_spaces, uniq_snorg
Lair:4:   layout_concentric_octagons, kennysheep_snail_temple,
          serial_bayou_shore_b
Lair:5:   layout_gridlike, slime_altar_1, ldierk_geyser,
          infiniplex_staircase_pool, grunt_megastairs_2
Lair:6:   cheibrodos_lair_end_hotspot, layout_regular_city
Shoals:1: layout_shoals, uniq_frances
Shoals:2: layout_shoals, nicolae_shoals_cliffside_cave, uniq_polyphemus,
          uniq_ilsuiw
Shoals:3: layout_shoals
Shoals:4: shoals_end_grunt_ice, layout_shoals, serial_shops,
          nicolae_shop_crystal, nicolae_shoals_drake_roost
Spider:1: layout_spider_delve, zaba_anthell
Spider:2: layout_chambers
Spider:3: lemuel_spider_zombies, uniq_donald, uniq_roxanne
Spider:4: grunt_spider_rune_island
Orc:1:    layout_caves
Orc:2:    st_orc_town, layout_caves, basic_altar, ebering_ghost_reflecting_pool,
          uniq_azrael
Vaults:1: hangedman_vaults_variations, nicolae_vaults_border_crossing,
          v_misc_26, v_misc_33, nicolae_vaults_mini_display_case,
          grunt_vaults_focal, vaults_room_fours, grunt_vaults_hallway_short,
          layout_vaults_quadrants, serial_shops, bzr_in_the_mist
Vaults:2: ontoclasm_vaults_gallery, vaults_room_semicircle,
          hangedman_vaults_maws, v_misc_12, v_misc_9, v_misc_31, v_misc_19,
          v_misc_29, nicolae_vaults_triangles, grunt_vaults_hallway_short,
          ontoclasm_vaults_fault, nicolae_vaults_rhombus_5, v_misc_14,
          nicolae_vaults_angled_halls, layout_vaults_ring, serial_shops,
          nicolae_shop_stone
Vaults:3: nicolae_vaults_network_star, nicolae_vaults_windows_and_doors_thing,
          v_misc_3, ontoclasm_vaults_claustrophobia, v_misc_10,
          nicolae_vaults_what_the_h, vaults_room_corners,
          nicolae_vaults_little_squares_1, ontoclasm_vaults_gateway,
          nicolae_vaults_rhombus_7, ontoclasm_vaults_pinch,
          layout_vaults_omnibox, basic_altar
Vaults:4: nicolae_vaults_disjoint_gnomons, vaults_dpeg_ring,
          ontoclasm_vaults_tryst, nicolae_vaults_stairing_the_circle,
          vaults_room_door_hall, ontoclasm_vaults_hangar, ontoclasm_vaults_spin,
          v_misc_1, v_alt_pattern_4, sword_in_stone, v_pattern_2,
          layout_vaults_maze_snakey, nicolae_trove_entry_free_sample
Depths:1: layout_gridville, kennysheep_nub, pf_coc_iceberg, special_room
          [special_room_morgue], roderic_roman_lattice, minmay_holes,
          grunt_tower_of_power, kennysheep_random_hallway
Depths:2: emtedronai_trogs_sanctum, layout_basic, pf_vacation_house_of_asmodeus,
          infiniplex_staircase_pillars_1, rand_demon_pan_entry_3,
          grunt_ministairs_9
Depths:3: minmay_haunted_quarter, layout_small_grid, rand_demon_pan_entry_7,
          nicolae_twisting_strands, hell_entry, infiniplex_staircase_spiral,
          minmay_shoptagon, uniq_saint_roka
Depths:4: kennysheep_ambush_hall, layout_long_grid, abyss_entry,
          infiniplex_staircase_pool_1, pf_hell_entry_tar_spiral,
          minmay_metal_thing, uniq_boris

Skill      XL: |  1  2  3  4  5  6  7  8  9 10 11 12 13 14 15 16 17 18 19 20 21 22 23 |
---------------+----------------------------------------------------------------------+-----
Armour         | 1 2 3 4 5 6 8 9 10 11 12 13 14 15 16 17 | 17.1
Unarmed Combat | 4 5 6 7 9 10 11 14 16 17 18 19 20 22 23 24 25 | 25.1
Fighting       | 4 5 6 7 8 10 11 12 13 14 15 16 17 18 | 18.9
Shields        | 2 4 6 8 10 11 12 13 14 15 16 | 16.2
Dodging        | 3 5 6 8 9 |  9.2
Evocations     | 3 5 7 8 9 |  9.0
Stealth        | |  2.1

Action                   |  1- 3 |  4- 6 |  7- 9 | 10-12 | 13-15 | 16-18 | 19-21 | 22-24 || total
-------------------------+-------+-------+-------+-------+-------+-------+-------+-------++-------
Melee: Unarmed           |   137 |   128 |   373 |   995 |  1249 |  1686 |  1477 |   845 ||  6890
       Punch             |     2 |     3 |     4 |       |       |       |       |       ||     9
Throw: Dart              |       |     7 |     6 |    15 |     9 |       |     1 |       ||    38
       Javelin           |       |       |       |     9 |    11 |     1 |     5 |       ||    26
Invok: Trog's Hand       |       |       |       |     3 |     5 |     7 |     9 |     5 ||    29
       Brothers in Arms  |       |       |       |     2 |    10 |    14 |     4 |       ||    30
Evoke: Wand              |       |     4 |     6 |    15 |    15 |     3 |     1 |     3 ||    47
       Tin of tremorston |       |       |       |       |     4 |     1 |       |       ||     5
  Use: Scroll            |       |     4 |     1 |    10 |    12 |     5 |    14 |     2 ||    48
       Potion            |       |       |     5 |     6 |     6 |     2 |     5 |     7 ||    31
 Stab: Sleeping          |     5 |       |       |       |       |       |       |       ||     5
       Paralysed         |       |       |     4 |     2 |       |       |       |       ||     6
       Invisible         |       |       |       |       |     2 |     5 |       |       ||     7
       Held in net/web   |       |       |       |       |       |    12 |       |       ||    12
       Distracted        |       |       |       |       |       |       |       |     1 ||     1
  Eat: Chunk             |     9 |     8 |    18 |    33 |    36 |    39 |    33 |    27 ||   203
       Ration            |       |       |     1 |     1 |     1 |     4 |     1 |     1 ||     9
Armor: Robe              |     7 |       |       |       |       |       |       |       ||     7
       Chain mail        |    34 |    80 |   215 |   304 |   163 |       |       |       ||   796
       Plate armour      |       |       |       |       |   172 |   809 |   250 |       ||  1231
       Crystal plate arm |       |       |       |       |       |       |   199 |   307 ||   506
Dodge: Dodged            |    56 |    58 |   136 |   178 |   137 |   278 |   179 |   144 ||  1166
Block: Buckler           |       |       |    33 |    80 |       |       |       |       ||   113
       Kite shield       |       |       |       |   780 |  1290 |  2513 |   952 |       ||  5535
       Tower shield      |       |       |       |       |       |       |   313 |   597 ||   910
